Map: King's Cove LE

Players

Onigami - Winner!

  • Race: Terran Terran
  • League: Master
  • Spawn Location: 11:00

Mez

  • Race: Terran Terran
  • League: Master
  • Spawn Location: 5:00

VOD

Have the link to the VOD?

Description

Time

  • Played on: July 31, 2019, 11:31 a.m.
  • Length: 12:12
Show
View Real Time Build Order
Export as new Build Order

Onigami Terran - Winner!

Build Orders:  

Get SALT Encoding   

  12  0:00  SCV  
  13  0:13  SCV  
  14  0:18  Supply Depot  
  14  0:25  SCV  
  15  0:29  Refinery  
  15  0:39  SCV  
  16  0:49  Barracks  
  16  0:52  SCV  
  17  0:57  Refinery  
  17  1:04  SCV  
  18  1:16  SCV  
  19  1:37  Factory, Orbital Command  
  19  1:45  Reaper  
  20  1:55  Supply Depot  
  20  2:03  SCV  
  21  2:15  SCV  
  22  2:17  Reaper  
  22  2:20  Hellion  
  25  2:27  SCV  
  26  2:39  SCV  
  26  2:42  Hellion  
  26  2:43  Supply Depot  
  29  2:51  SCV  
  30  3:01  Barracks Tech Lab  
  30  3:03  SCV  
  30  3:04  Hellion  
  33  3:15  SCV  
  33  3:28  SCV  
  33  3:29  Starport  
  33  3:33  Command Center  
  31  3:40  SCV  
  32  3:50  Barracks Reactor  
  32  3:51  Cyclone  
  32  3:52  SCV  
  36  4:04  SCV  
  36  4:08  Starport Tech Lab  
  37  4:16  SCV, Command Center  
  38  4:26  Cloaking Field  
  38  4:28  SCV  
  39  4:38  Supply Depot  
  39  4:44  Banshee  
  39  4:45  Siege Tank  
  45  4:46  Refinery  
  45  4:49  Orbital Command  
  45  4:51  Marine  
  46  4:56  Marine  
  46  4:57  SCV  
  48  5:09  SCV, Marine  
  48  5:14  Marine  
  51  5:17  Siege Tank  
  54  5:21  SCV  
  54  5:26  SCV  
  54  5:27  Banshee  
  54  5:28  Orbital Command  
  59  5:30  Marine  
  59  5:31  Marine  
  59  5:35  SCV  
  62  5:38  SCV, Supply Depot  
  63  5:47  SCV  
  63  5:48  Marine  
  63  5:49  Siege Tank, Marine  
  69  5:50  SCV  
  69  5:53  SCV  
  71  5:59  Engineering Bay  
  71  6:00  SCV  
  71  6:02  Engineering Bay  
  72  6:07  SCV  
  72  6:08  Marine x2  
  72  6:09  SCV  
  76  6:15  SCV  
  77  6:30  Marine x2  
  77  6:31  Raven  
  81  6:33  Siege Tank  
  81  6:35  Terran Infantry Armor Level 1, Terran Infantry Weapons Level 1  
  81  6:37  Barracks  
  81  6:38  Barracks  
  84  6:40  SCV  
  84  6:43  Orbital Command  
  85  6:49  Refinery  
  85  6:53  Supply Depot  
  85  7:12  Factory  
  85  7:14  Siege Tank, SCV  
  91  7:22  SCV  
  87  7:26  SCV x2  
  89  7:34  SCV  
  89  7:35  Barracks Reactor x2  
  90  7:38  SCV  
  90  7:41  Armory, Barracks x2  
  91  7:46  Siege Tank  
  91  7:49  SCV x2  
  91  7:50  SCV  
  97  7:52  Supply Depot x2  
  99  7:58  Viking x2  
  99  8:01  SCV  
  99  8:03  SCV x2  
  104  8:07  Marine  
  104  8:10  Factory Tech Lab  
  104  8:11  Stimpack  
  105  8:13  SCV  
  105  8:15  SCV  
  105  8:16  SCV  
  105  8:17  Refinery, Marine, Supply Depot  
  105  8:18  Refinery, Marine x3  
  105  8:19  Supply Depot  
  112  8:25  SCV  
  110  8:27  SCV  
  107  8:34  Barracks Reactor x2  
  107  8:36  Siege Tank  
  107  8:40  Medivac  
  112  8:49  SCV  
  113  8:57  Terran Infantry Weapons Level 2  
  113  8:59  Marine x2  
  113  9:00  Marine x3  
  118  9:08  Command Center  
  118  9:10  Siege Tank  
  118  9:11  Barracks  
  118  9:12  Barracks  
  118  9:14  Barracks  
  118  9:16  Missile Turret, SCV x2  
  118  9:17  SCV, Marine x5  
  124  9:23  Marine, Supply Depot x2  
  130  9:24  Marine x3  
  130  9:28  SCV x2  
  130  9:29  SCV  
  133  9:45  Marine x5  
  114  9:49  Siege Tank x2  
  114  9:50  Marine x4  
  129  10:00  Barracks Reactor x3  
  129  10:03  Marine  
  130  10:11  Combat Shield  
  130  10:16  Marine x8  
  130  10:21  Siege Tank, Marine  
  139  10:34  Marine x5  
  144  10:48  Marine x10  
  144  10:49  Planetary Fortress  
  154  10:51  Marine  
  154  10:52  Marine x2  
  154  10:53  SCV x2  
  154  10:54  Siege Tank x2, SCV  
  154  10:55  Marine x2  
  168  11:00  Medivac x2  
  172  11:08  Supply Depot x2  
  172  11:10  Missile Turret  
  172  11:12  Missile Turret  
  172  11:29  Marine  
  172  11:30  Siege Tank, SCV, Marine x2, Medivac x2  
Show
View Real Time Build Order
Export as new Build Order

Mez Terran 

Build Orders: Reaper Expand 

Get SALT Encoding   

  12  0:01  SCV  
  13  0:13  SCV  
  14  0:18  Supply Depot  
  14  0:25  SCV  
  15  0:40  SCV  
  15  0:42  Barracks  
  16  0:45  Refinery  
  16  0:52  SCV  
  17  1:04  SCV  
  18  1:16  SCV  
  19  1:29  Reaper, Orbital Command  
  20  1:55  Command Center  
  20  1:56  SCV  
  21  2:03  Barracks  
  21  2:08  Barracks Reactor  
  21  2:11  SCV  
  22  2:16  Barracks  
  22  2:23  SCV  
  22  2:26  Supply Depot  
  23  2:47  Marine x2  
  23  2:48  SCV  
  26  2:54  Marine  
  25  3:00  SCV  
  25  3:05  Marine  
  25  3:07  Marine  
  25  3:08  Marine  
  25  3:12  SCV, Marine  
  26  3:23  Marine  
  26  3:24  SCV  
  26  3:25  Marine  
  29  3:31  Marine  
  30  3:34  Barracks Tech Lab  
  30  3:36  SCV, Orbital Command  
  29  3:48  SCV  
  29  3:49  Marine x2  
  29  3:50  Marine  
  29  3:53  Concussive Shells  
  29  3:54  Marauder  
  34  4:00  SCV  
  34  4:03  SCV  
  35  4:10  Engineering Bay  
  35  4:12  SCV  
  35  4:14  Marine x3  
  35  4:15  Marine  
  40  4:18  SCV  
  41  4:24  SCV  
  41  4:25  Factory  
  42  4:33  Marine x4  
  46  4:41  Missile Turret  
  46  4:43  Supply Depot  
  46  4:55  Refinery  
  46  4:57  Refinery  
  46  5:00  Stimpack  
  46  5:02  Barracks Tech Lab  
  46  5:05  SCV x2, Marine x2  
  50  5:07  Supply Depot  
  50  5:13  Starport, Factory Reactor  
  50  5:17  SCV x2  
  52  5:25  Marine x2  
  54  5:29  SCV x2, Marine x2  
  54  5:33  Supply Depot  
  58  5:36  Supply Depot  
  58  5:41  SCV x2, Combat Shield  
  60  5:43  Marine  
  61  5:53  SCV  
  61  5:54  SCV  
  63  5:57  Command Center  
  63  5:58  Medivac x2  
  67  6:05  SCV  
  67  6:06  SCV  
  68  6:14  Marine x3  
  68  6:26  Missile Turret  
  68  6:30  SCV x2  
  70  6:32  Supply Depot  
  70  6:33  Medivac  
  70  6:38  Engineering Bay  
  69  6:50  SCV x2  
  71  6:55  Terran Infantry Weapons Level 1  
  71  7:02  SCV x2  
  71  7:05  Medivac x2  
  76  7:11  Orbital Command  
  76  7:14  SCV  
  76  7:19  SCV  
  76  7:22  Marine x4  
  81  7:26  Terran Infantry Armor Level 1  
  81  7:30  Orbital Command  
  81  7:39  Marine  
  81  7:40  Marine  
  81  7:44  Barracks  
  81  7:45  Barracks  
  81  7:55  SCV x3  
  81  7:56  Marine x2  
  81  7:57  Marine  
  87  8:07  SCV x2  
  87  8:12  SCV  
  89  8:17  Marine x3  
  89  8:18  Marauder  
  89  8:19  Missile Turret, SCV  
  93  8:31  Barracks  
  93  8:33  Barracks  
  91  8:35  Armory, Barracks  
  91  8:36  SCV x2  
  100  8:42  Barracks Reactor x2  
  100  8:43  Marine x4  
  97  8:53  Supply Depot  
  97  8:54  SCV x3, Supply Depot  
  100  9:06  SCV  
  100  9:08  Command Center  
  101  9:14  SCV x2  
  103  9:21  Barracks Reactor x2, Supply Depot  
  103  9:22  Barracks Reactor, Supply Depot  
  103  9:24  Marine x3, Supply Depot  
  84  9:58  Marine x5  
  84  9:59  Marine x9  
  98  10:00  Medivac x2  
  102  10:08  SCV x3  
  105  10:16  Marine  
  105  10:20  SCV  
  107  10:25  Marine x12  
  117  10:30  Medivac  
  119  10:39  Marine x2  
  119  10:40  Medivac  
  123  10:43  Marine x4  
  123  10:44  Supply Depot  
  123  10:45  Supply Depot  
  120  10:56  Command Center  
  120  11:00  Medivac  
  120  11:03  Marine  
  120  11:04  Marine x9  
  127  11:08  Planetary Fortress  
  131  11:25  Marine x14  
  104  11:42  Marine  
  104  11:43  Marine x12  
  117  11:50  Marine  
Tags
 
Add a new tag
Caveats
  • Supply blocks, unpowered buildings, or Contaminate may cause inaccurate times.
  • Supply counts are checked every 10 seconds.